[Event "Titled Tuesday Blitz February 22 Early 2022"]
[White "Todorovic, Bojan"]
[Black "Baskin, Robert"]
[WhiteFideId "917087"]
[BlackFideId "24662402"]
[WhiteElo "2266"]
[BlackElo "2488"]
[Result "0-1"]
[Round "04"]
[TimeControl "180+1"]
[Date "2022.02.22"]
[WhiteClock "0:00:02"]
[BlackClock "0:01:40"]

1. Nf3 Nf6 2. c4 b6 3. Nc3 Bb7 4. d4 e6 5. g3 Bb4 6. Bg2 O-O 7. O-O Bxc3 8. bxc3 d6 9. a4 Nc6 10. Nd2 Na5 11. e4 Ba6 12. c5 dxc5 13. e5 Nd5 14. Qg4 Nxc3 15. Ne4 Ne2+ 16. Kh1 Nxc1 17. Nf6+ Kh8 18. Qh4 h6 19. Rfxc1 Qxd4 20. Be4 Bb7 21. Rd1 Qxe5 22. Bxb7 Nxb7 23. Nd7 Qf5 24. Nxf8 Rxf8 25. Qe7 Kg8 26. Qxc7 Na5 27. Kg1 h5 28. Rd8 Rxd8 29. Qxd8+ Kh7 30. Re1 Nc4 31. Qc7 f6 32. Rd1 Ne5 33. Qxa7 Nf3+ 34. Kg2 Qe4 0-1


[Site "https://www.chess.com"]

[Event "Titled Tuesday Blitz February 22 Early 2022"]
[White "Tologon tegin, Semetei"]
[Black "Melian, Juan Sebastian"]
[WhiteFideId "13800574"]
[BlackFideId "3706575"]
[WhiteElo "2258"]
[BlackElo "1842"]
[Result "0-1"]
[Round "04"]
[TimeControl "180+1"]
[Date "2022.02.22"]
[WhiteClock "0:00:02"]
[BlackClock "0:00:07"]

1. e4 c6 2. d3 d5 3. Nd2 g6 4. Ngf3 Bg7 5. g3 Bg4 6. Bg2 Nd7 7. h3 Bxf3 8. Nxf3 e6 9. O-O Ne7 10. Qe2 O-O 11. c3 Qc7 12. h4 a5 13. h5 a4 14. a3 b5 15. exd5 Nxd5 16. d4 Rfe8 17. hxg6 hxg6 18. Ng5 e5 19. Bxd5 cxd5 20. Qxb5 exd4 21. Bf4 Be5 22. Qxd5 Nb6 23. Qxd4 Bxf4 24. Qxf4 Qxf4 25. gxf4 Nc4 26. Rfe1 Nxb2 27. Ne4 Kg7 28. Nd6 Red8 29. Nb5 Nd3 30. Re4 Rab8 31. Nd4 Rb2 32. Rf1 Rc8 33. f5 Rxc3 34. fxg6 Kxg6 35. Nf3 f6 36. Rxa4 Nc1 37. Rg4+ Kf7 38. Rg3 Ne2+ 39. Kg2 Nxg3 40. Kxg3 Rbb3 41. Kg2 Rxf3 42. a4 Ra3 43. a5 Rf5 44. Rc1 Rfxa5 45. Rc7+ Kg6 46. Rc8 Rg5+ 47. Kf1 Ra2 48. Rc1 Rf5 49. Kg1 Rfxf2 50. Kh1 Rf5 51. Rg1+ Rg5 52. Rf1 f5 53. Rc1 Rh5+ 54. Kg1 Rh4 55. Rc8 Rb4 56. Rc1 Rab2 57. Rc7 Kg5 58. Rc8 Kf4 59. Kh1 R4b3 60. Rc1 Rb1 61. Kg2 Rxc1 62. Kf2 Rc2+ 63. Ke1 Rb1# 0-1


[Site "https://www.chess.com"]

[Event "Titled Tuesday Blitz February 22 Early 2022"]
[White "Tomiello, Mateus Costamilan"]
[Black "Marcinczyk, Monika"]
[WhiteFideId "22701958"]
[BlackFideId "1192051"]
[WhiteElo "1975"]
[BlackElo "1730"]
[Result "1-0"]
[Round "04"]
[TimeControl "180+1"]
[Date "2022.02.22"]
[WhiteClock "0:00:11"]
[BlackClock "0:00:03"]

1. d4 d5 2. c4 e6 3. Nf3 Nf6 4. g3 b6 5. Bg2 Bb7 6. Ne5 Nbd7 7. Qa4 c5 8. dxc5 Bxc5 9. O-O O-O 10. Nc6 Qc7 11. cxd5 Nxd5 12. Nd4 Nb4 13. Nb5 Qc8 14. Bxb7 Qxb7 15. a3 Nd5 16. b4 Be7 17. Bb2 Bf6 18. Bxf6 N7xf6 19. Rc1 Rfd8 20. N1c3 a6 21. Nxd5 Nxd5 22. Nd4 b5 23. Qb3 Nf4 24. gxf4 Rxd4 25. e3 Qf3 26. Qc3 Rd5 27. Qc8+ Rd8 28. Qc5 h5 29. Qg5 Rd2 30. Qg3 Qe4 31. Rc7 Rad8 32. Rcc1 Re2 33. Rd1 Rdd2 34. Rxd2 Rxd2 35. Rc1 Kh7 36. Qg2 Qd3 37. Qf3 Kh6 38. f5 Qxf5 39. Qxf5 exf5 40. Rc6+ g6 41. Rxa6 Ra2 42. Kg2 Kg5 43. h3 Kh4 44. Ra5 f6 45. Rxb5 Rxa3 46. Rb6 Rb3 47. b5 g5 48. Kf3 g4+ 49. hxg4 fxg4+ 50. Kg2 Kg5 51. Rb8 h4 52. b6 h3+ 53. Kg3 f5 54. b7 Kh6 55. Rh8+ Kg7 56. b8=Q 1-0


[Site "https://www.chess.com"]

[Event "Titled Tuesday Blitz February 22 Early 2022"]
[White "Tsvetkov, Andrey"]
[Black "Garagulya, Konstantin"]
[WhiteFideId "34139360"]
[BlackFideId "4128931"]
[WhiteElo "2280"]
[BlackElo "2329"]
[Result "0-1"]
[Round "04"]
[TimeControl "180+1"]
[Date "2022.02.22"]
[WhiteClock "0:00:02"]
[BlackClock "0:00:06"]

1. e4 c5 2. Nf3 a6 3. c3 d5 4. e5 d4 5. a4 Nc6 6. Bc4 e6 7. O-O Nge7 8. d3 Ng6 9. Re1 Be7 10. g3 Rb8 11. Na3 Qc7 12. Qe2 h6 13. h4 Bd7 14. h5 Nf8 15. Bf4 Nh7 16. Rac1 Ng5 17. Nc2 b5 18. axb5 axb5 19. Ba2 dxc3 20. bxc3 b4 21. cxb4 cxb4 22. Bc4 b3 23. Ne3 b2 24. Rb1 Nxf3+ 25. Qxf3 Nd4 26. Qe4 Bc5 27. Nd5 exd5 28. e6 Bxe6 29. Bxc7 dxe4 30. Bxb8 Nf3+ 31. Kf1 Nxe1 32. Bxe6 fxe6 33. Kxe1 Bd4 34. dxe4 Kf7 35. Bf4 Ra8 36. Kd1 Ra1 37. Kc2 Kf6 38. Bd2 e5 39. f3 Kf7 40. g4 Kf6 41. Be1 Kf7 42. Bb4 Kf6 43. Bd2 Ra3 44. Rf1 Ra7 45. f4 exf4 46. Bxf4 Ke6 47. Kd3 Ra1 0-1


[Site "https://www.chess.com"]

[Event "Titled Tuesday Blitz February 22 Early 2022"]
[White "Tsydypov, Zhamsaran"]
[Black "Moiseenko, Alexander"]
[WhiteFideId "4108566"]
[BlackFideId "14102560"]
[WhiteElo "2614"]
[BlackElo "2577"]
[Result "0-1"]
[Round "04"]
[TimeControl "180+1"]
[Date "2022.02.22"]
[WhiteClock "0:00:16"]
[BlackClock "0:00:08"]

1. b3 e5 2. Bb2 Nc6 3. e3 Nf6 4. Bb5 e4 5. d3 a6 6. Bxc6 dxc6 7. Ne2 exd3 8. cxd3 Be7 9. O-O O-O 10. Ng3 c5 11. Nc3 b6 12. e4 Re8 13. f4 Bb7 14. Kh1 Qd7 15. Qf3 Rad8 16. Rad1 Qg4 17. Qf2 Qh4 18. Qf3 Qg4 19. Qe3 Bf8 20. Qg1 b5 21. Nf5 c4 22. bxc4 bxc4 23. Ne3 Qh5 24. g4 Qc5 25. g5 Rxd3 26. Rxd3 Nxe4 27. Rd5 Nxc3 28. Bxc3 Qxe3 0-1


[Site "https://www.chess.com"]

[Event "Titled Tuesday Blitz February 22 Early 2022"]
[White "Tymrakiewicz, Rafal"]
[Black "Ivanisevic, Ivan"]
[WhiteFideId "1108832"]
[BlackFideId "912417"]
[WhiteElo "2205"]
[BlackElo "2495"]
[Result "1/2-1/2"]
[Round "04"]
[TimeControl "180+1"]
[Date "2022.02.22"]
[WhiteClock "0:00:05"]
[BlackClock "0:00:02"]

1. d4 Nf6 2. Bg5 c5 3. d5 Qb6 4. Bc1 g6 5. Nc3 Bg7 6. e4 d6 7. h3 O-O 8. Nf3 e6 9. Be2 exd5 10. exd5 Re8 11. O-O Bf5 12. Nh4 Bd7 13. Re1 Na6 14. Rb1 Ne4 15. Nxe4 Rxe4 16. Nf3 Rae8 17. Be3 Nb4 18. c3 Nxa2 19. Bd3 Ra4 20. Qd2 Qd8 21. Bg5 f6 22. Rxe8+ Qxe8 23. Re1 Qf8 24. Bf4 b5 25. Bc2 Ra6 26. Re2 b4 27. c4 b3 28. Bxb3 Nb4 29. Qe1 Nd3 30. Qd2 Ra1+ 31. Kh2 Nxf4 32. Qxf4 g5 33. Qe3 g4 34. hxg4 Bxg4 35. Bc2 Bh6 36. Qe4 f5 37. Qe6+ Kh8 38. Kg3 Rh1 39. Qe8 Qxe8 40. Rxe8+ Kg7 41. Re7+ Kg8 42. Nh2 Bg5 43. Rxa7 Bf6 44. Nxg4 fxg4 45. Kxg4 Bxb2 46. g3 Bd4 47. f4 h5+ 48. Kg5 Kf8 49. Bg6 Bf2 50. Bxh5 Bxg3 51. f5 Be5 52. Bg4 Rg1 53. Rh7 Kg8 54. Rb7 Bd4 55. Kf4 Be5+ 56. Kg5 Bc3 57. Kh5 Bf6 58. Kg6 Rxg4+ 59. Kxf6 Rxc4 60. Rb8+ Kh7 61. Ke7 Rf4 62. Ke6 c4 63. f6 c3 64. Rc8 Kg6 65. Rg8+ Kh7 66. Rg3 c2 67. Kf7 Kh6 68. Rc3 Kg5 69. Rg3+ Kf5 70. Rc3 Ke5 71. Re3+ Kxd5 72. Rc3 Ke5 73. Rxc2 Rxf6+ 74. Ke7 Rf3 75. Re2+ Kd5 76. Rd2+ Kc5 77. Rxd6 Re3+ 78. Re6 Rxe6+ 79. Kxe6 1/2-1/2


[Site "https://www.chess.com"]

[Event "Titled Tuesday Blitz February 22 Early 2022"]
[White "Unat, Can Haktan"]
[Black "Ambartsumova, Karina"]
[WhiteFideId "6398073"]
[BlackFideId "4166299"]
[WhiteElo "1980"]
[BlackElo "2262"]
[Result "0-1"]
[Round "04"]
[TimeControl "180+1"]
[Date "2022.02.22"]
[WhiteClock "0:00:11"]
[BlackClock "0:00:12"]

1. e4 c5 2. Nf3 Nc6 3. d4 cxd4 4. Nxd4 Qb6 5. Nb3 Nf6 6. Nc3 e6 7. Be3 Qc7 8. f4 Bb4 9. Bd3 d5 10. exd5 Nxd5 11. Bd2 Nxc3 12. bxc3 Be7 13. O-O O-O 14. Rf3 g6 15. Qe2 Bf6 16. Raf1 b6 17. Be3 Bb7 18. Rh3 Ne7 19. Nd4 Qxc3 20. Nb5 Qc6 21. c4 Nf5 22. Bxf5 exf5 23. Qf2 Rfe8 24. Rc1 Rad8 25. Nxa7 Qe4 26. Bxb6 Rd6 27. Re3 Rxb6 28. Rxe4 Rxe4 29. Qxb6 Bd4+ 30. Qxd4 Rxd4 31. Rc2 Be4 32. Rc3 Rd2 33. a4 Rxg2+ 34. Kf1 Ra2 35. c5 Rxa4 36. Nb5 Bc6 37. Nd6 Rxf4+ 38. Ke2 Rh4 39. h3 h5 40. Kf2 Kg7 41. Nc4 Rd4 42. Ne5 Bd5 43. c6 Re4 44. c7 Be6 45. Nf3 Ra4 46. Ng5 Bc8 47. Nf3 f6 48. Rd3 Rc4 49. Nd4 Rxc7 50. Nb5 Rc2+ 51. Kf1 Ba6 52. Rd5 Rb2 53. Kg1 Bxb5 54. Rd7+ Kh6 55. Rd1 Kg5 56. Kh1 h4 57. Kg1 Kh5 58. Kh1 Bc6+ 59. Kg1 Rg2+ 60. Kf1 Rh2 61. Rd8 Be4 62. Re8 Kg5 63. Rh8 Rxh3 64. Kg1 Rh1+ 65. Kf2 Rh2+ 66. Kg1 Rg2+ 67. Kh1 Ra2+ 68. Kg1 Kg4 69. Kf1 h3 70. Kg1 Kg3 0-1


[Site "https://www.chess.com"]

[Event "Titled Tuesday Blitz February 22 Early 2022"]
[White "Urazayev, Arystanbek"]
[Black "Maltsevskaya, Aleksandra"]
[WhiteFideId "13709810"]
[BlackFideId "24174041"]
[WhiteElo "2855"]
[BlackElo "2570"]
[Result "0-1"]
[Round "04"]
[TimeControl "180+1"]
[Date "2022.02.22"]
[WhiteClock "0:00:09"]
[BlackClock "0:00:04"]

1. e4 c5 2. Nf3 e6 3. d4 cxd4 4. Nxd4 Nf6 5. Nc3 Nc6 6. Be2 Bb4 7. O-O O-O 8. Nxc6 bxc6 9. e5 Nd5 10. Ne4 f5 11. Nd6 Bxd6 12. exd6 a5 13. c4 Nf6 14. c5 Ba6 15. Bxa6 Rxa6 16. Qd4 a4 17. Bf4 Qa5 18. Be5 Raa8 19. Rac1 Rf7 20. Rc3 Ne4 21. Rc2 Qb5 22. f3 Nf6 23. h3 Nd5 24. Rd2 Rb8 25. Rc1 f4 26. Re1 Qa5 27. a3 Rb3 28. Re4 h6 29. h4 Qb5 30. Rd1 Ne3 31. Re1 Nc2 32. Qf2 Nxe1 33. Rxe1 Rf5 34. Qd4 Rd3 35. Qb4 Qxb4 36. axb4 Re3 37. Rxe3 fxe3 38. Bc3 Rd5 39. Kf1 a3 40. bxa3 Rd3 41. Be1 Rxa3 42. Ke2 Rb3 43. g4 Kf7 44. f4 g5 45. fxg5 hxg5 46. h5 Kg7 47. Kf3 Rd3 48. Ke4 Rb3 49. Kf3 Kf6 50. Ke2 Ke5 51. Kd1 Rb1+ 52. Ke2 Ke4 53. h6 Rb2+ 54. Kf1 Rh2 55. b5 cxb5 56. c6 Rxh6 57. cxd7 Kf3 58. Kg1 Rh8 59. Ba5 e2 60. d8=Q Rxd8 61. Bb4 Rxd6 0-1


[Site "https://www.chess.com"]

[Event "Titled Tuesday Blitz February 22 Early 2022"]
[White "Vakhlamov, Igor L."]
[Black "Jacobson, Aaron"]
[WhiteFideId "24126748"]
[BlackFideId "2089912"]
[WhiteElo "2768"]
[BlackElo "2529"]
[Result "0-1"]
[Round "04"]
[TimeControl "180+1"]
[Date "2022.02.22"]
[WhiteClock "0:00:03"]
[BlackClock "0:00:25"]

1. e4 d5 2. exd5 Nf6 3. Nf3 Bg4 4. h3 Bxf3 5. Qxf3 Qxd5 6. Qf4 e5 7. Qa4+ Nc6 8. Nc3 Qd4 9. Bb5 Qxa4 10. Bxa4 Bc5 11. d3 O-O-O 12. Bxc6 bxc6 13. Bg5 h6 14. Bxf6 gxf6 15. Ne4 Be7 16. g4 h5 17. Ke2 Kd7 18. c3 Ke6 19. Ng3 hxg4 20. hxg4 Rxh1 21. Rxh1 Rg8 22. f3 Rb8 23. b3 a5 24. Nf5 a4 25. b4 c5 26. Rb1 cxb4 27. Nxe7 Kxe7 28. Rxb4 Rxb4 29. cxb4 f5 30. Ke3 Ke6 31. g5 Kd5 32. f4 c6 33. a3 Kd6 34. Kf3 Ke6 35. Kg3 Kd5 36. Kf3 Kd4 37. Kg3 e4 38. dxe4 Kxe4 39. g6 fxg6 40. Kh4 Kxf4 0-1


[Site "https://www.chess.com"]

[Event "Titled Tuesday Blitz February 22 Early 2022"]
[White "Van Foreest, Jorden"]
[Black "Golubka, Petro"]
[WhiteFideId "1039784"]
[BlackFideId "14114224"]
[WhiteElo "2609"]
[BlackElo "2392"]
[Result "1-0"]
[Round "04"]
[TimeControl "180+1"]
[Date "2022.02.22"]
[WhiteClock "0:00:19"]
[BlackClock "0:00:19"]

1. e4 e5 2. Nf3 Nc6 3. Bc4 Bc5 4. O-O Nf6 5. Re1 d6 6. c3 O-O 7. d4 Bb6 8. h3 h6 9. Bb3 a5 10. a3 Re8 11. Bc2 g5 12. Nbd2 exd4 13. Nc4 dxc3 14. Nxb6 cxb6 15. bxc3 Ne5 16. Nd4 Ng6 17. Nb5 Re6 18. Bb3 Rxe4 19. Bxf7+ Kxf7 20. Rxe4 Nxe4 21. Qd5+ Kg7 22. Qxe4 d5 23. Qd4+ Qf6 24. Qxf6+ Kxf6 25. Nc7 Rb8 26. Nxd5+ Kf7 27. Nxb6 Be6 28. Be3 Rd8 29. Bd4 Nf4 30. Re1 Rd6 31. Kh2 Nd3 32. Rd1 Nf4 33. Rb1 Bf5 34. Rb5 Be4 35. f3 Bc6 36. Rxa5 Re6 37. Re5 Nd3 38. Rxe6 Kxe6 39. Kg3 Kf5 40. Nc4 h5 41. Ne3+ Kg6 42. h4 gxh4+ 43. Kxh4 Nf4 44. Kg3 Nd3 45. Kh2 h4 46. Nc4 Bd5 47. Ne3 Bc6 48. c4 Kg5 49. Nd5 b5 50. Be3+ Kh5 51. Ne7 Be8 52. c5 Ne5 53. Nd5 Bc6 54. Nf4+ Kg5 55. Nd3+ Kf5 56. Nxe5 Kxe5 57. Kh3 1-0


[Site "https://www.chess.com"]

[Event "Titled Tuesday Blitz February 22 Early 2022"]
[White "Van den Dikkenberg, Erik"]
[Black "Aaditya Dhingra"]
[WhiteFideId "1005880"]
[BlackFideId "25678191"]
[WhiteElo "2118"]
[BlackElo "1789"]
[Result "0-1"]
[Round "04"]
[TimeControl "180+1"]
[Date "2022.02.22"]
[WhiteClock "0:00:42"]
[BlackClock "0:01:32"]

1. e4 e5 2. Nf3 Nc6 3. d4 exd4 4. Nxd4 Bc5 5. Nb3 Bb6 6. Qe2 Nge7 7. Be3 O-O 8. Nc3 d6 9. O-O-O f5 10. h4 fxe4 11. Nxe4 Nf5 12. Bxb6 axb6 13. Kb1 Qe7 14. Nc3 Qxe2 15. Bxe2 Be6 16. Nd5 Rf7 17. Bg4 Ne5 18. Bxf5 Bxf5 19. Nd4 Be4 20. Ne3 Rxf2 21. Rhf1 Raf8 22. Rxf2 Rxf2 23. g4 g6 24. g5 Kg7 25. Ng4 Nxg4 0-1


[Site "https://www.chess.com"]

[Event "Titled Tuesday Blitz February 22 Early 2022"]
[White "Vidit, Santosh Gujrathi"]
[Black "Wagner, Dennis"]
[WhiteFideId "5029465"]
[BlackFideId "24650684"]
[WhiteElo "2654"]
[BlackElo "2355"]
[Result "1-0"]
[Round "04"]
[TimeControl "180+1"]
[Date "2022.02.22"]
[WhiteClock "0:00:03"]
[BlackClock "0:00:02"]

1. e4 e5 2. Nf3 Nc6 3. Bc4 Nf6 4. d3 Bc5 5. O-O d6 6. c3 a5 7. Re1 O-O 8. h3 Ba7 9. Bb3 Ne7 10. d4 Ng6 11. Bc2 c6 12. Nbd2 Nh5 13. Nf1 Nhf4 14. Be3 exd4 15. cxd4 d5 16. Qd2 dxe4 17. Bxe4 Nd5 18. Ng3 Nxe3 19. Rxe3 f5 20. Bc2 f4 21. Re2 fxg3 22. fxg3 Bf5 23. Bb3+ Kh8 24. g4 Bd7 25. Rae1 Qf6 26. Kh1 Rae8 27. Ne5 Nxe5 28. dxe5 Qh4 29. Qxd7 Bf2 30. Rf1 Bg3 31. Bf7 Rxe5 32. Rxe5 Bxe5 33. Qd3 Qe7 34. Qe4 1-0


[Site "https://www.chess.com"]

[Event "Titled Tuesday Blitz February 22 Early 2022"]
[White "Vine, Elzbieta"]
[Black "Lakshmi C"]
[WhiteFideId "1119320"]
[BlackFideId "25035347"]
[WhiteElo "1897"]
[BlackElo "1775"]
[Result "0-1"]
[Round "04"]
[TimeControl "180+1"]
[Date "2022.02.22"]
[WhiteClock "0:00:43"]
[BlackClock "0:00:39"]

1. e4 c5 2. Nf3 Nc6 3. d4 cxd4 4. Nxd4 Nf6 5. Nc3 e5 6. Ndb5 d6 7. Bg5 a6 8. Na3 b5 9. Bxf6 gxf6 10. Nd5 f5 11. Bd3 Be6 12. Qh5 Rg8 13. Qxh7 Rxg2 14. O-O-O Nd4 15. Rhg1 Rxg1 16. Rxg1 Bxd5 17. exd5 e4 18. Bxe4 Ne2+ 19. Kb1 Nxg1 20. Bxf5 Qg5 21. h4 Qf4 22. Be6 Ne2 23. Bxf7+ Kd8 0-1


[Site "https://www.chess.com"]

[Event "Titled Tuesday Blitz February 22 Early 2022"]
[White "Viskelis, Darius"]
[Black "Elgersma, Onno"]
[WhiteFideId "12800830"]
[BlackFideId "1053531"]
[WhiteElo "1999"]
[BlackElo "2304"]
[Result "0-1"]
[Round "04"]
[TimeControl "180+1"]
[Date "2022.02.22"]
[WhiteClock "0:00:01"]
[BlackClock "0:00:08"]

1. e4 c6 2. d4 d5 3. exd5 cxd5 4. c4 Nf6 5. Nc3 g6 6. cxd5 Bg7 7. Bb5+ Nbd7 8. d6 e6 9. Bf4 O-O 10. Nf3 a6 11. Bd3 Qb6 12. Qd2 Nh5 13. Bh6 Qxd6 14. Bxg7 Kxg7 15. O-O Qf4 16. Qe2 Ndf6 17. Rad1 b5 18. Ne5 Bb7 19. g3 Qg5 20. h4 Qh6 21. Ne4 Nxe4 22. Bxe4 Bxe4 23. Qxe4 Nf6 24. Qf3 Qh5 25. Qf4 Rfd8 26. Kg2 Qf5 27. Qg5 h6 28. Qd2 Rac8 29. Rc1 Rxc1 30. Rxc1 Qxe5 31. dxe5 Rxd2 32. exf6+ Kxf6 33. Rc6 a5 34. Ra6 a4 35. b3 Rxa2 36. bxa4 bxa4 37. Kf3 Ra1 38. g4 a3 39. Ra7 g5 40. hxg5+ hxg5 41. Ra8 Kg6 42. Rg8+ Kh6 43. Ra8 a2 44. Ra7 f5 45. gxf5 exf5 46. Ra6+ Kg7 47. Kg2 Kf7 48. Ra5 Kf6 49. Ra6+ Kg7 50. Ra5 Kg6 51. Ra6+ Kh5 52. Ra5 Kg4 53. Ra4+ f4 54. Ra5 Kh4 55. Ra8 Kg4 56. Ra5 f3+ 57. Kh2 Kh4 58. Ra8 g4 59. Rh8+ Kg5 60. Ra8 Kf5 61. Ra4 g3+ 62. fxg3 f2 63. Rf4+ Kg5 64. Rxf2 Kg4 65. Rf4+ Kg5 66. Ra4 Kf5 67. Ra8 Ke6 68. Ra5 Kd6 69. g4 Ke6 70. Ra8 Kf6 0-1


[Site "https://www.chess.com"]

[Event "Titled Tuesday Blitz February 22 Early 2022"]
[White "Vlassov, Nikolai"]
[Black "Begunov, Konstantin"]
[WhiteFideId "4103360"]
[BlackFideId "4118510"]
[WhiteElo "2407"]
[BlackElo "2262"]
[Result "1-0"]
[Round "04"]
[TimeControl "180+1"]
[Date "2022.02.22"]
[WhiteClock "0:00:08"]
[BlackClock "0:00:07"]

1. e4 c5 2. c3 Nf6 3. e5 Nd5 4. d4 cxd4 5. cxd4 Nc6 6. Nc3 Nxc3 7. bxc3 d5 8. Bd3 a6 9. f4 b5 10. Nf3 Bg4 11. O-O e6 12. h3 Bxf3 13. Qxf3 g6 14. g4 h5 15. f5 hxg4 16. hxg4 gxf5 17. gxf5 Qh4 18. Rf2 Rg8+ 19. Rg2 Rxg2+ 20. Kxg2 O-O-O 21. Bf4 Bh6 22. Bg3 Rg8 23. Kf2 Qg5 24. Rd1 Na5 25. a4 Nc4 26. axb5 axb5 27. f6 Nb2 28. Ra1 Qd2+ 29. Be2 Kb7 30. Kf1 Be3 31. Bxb5 Qxc3 32. Ba6+ Kb6 33. Be2 Qxd4 34. Rb1 Kc7 35. Rxb2 Qxb2 36. Qxe3 Qb1+ 37. Kf2 Qf5+ 38. Bf3 Qc2+ 39. Be2 Rb8 40. Qa7+ Rb7 41. Qa5+ Kc8 42. Qa3 Rc7 43. Qf8+ Kb7 44. Qb4+ Ka7 45. Qa5+ Kb7 46. Qa6+ Kb8 47. Qb6+ Ka8 48. Kf1 Qc1+ 49. Be1 Qf4+ 50. Kg2 Qg5+ 51. Kf2 Qf4+ 52. Kg2 Qg5+ 53. Kh3 Qe3+ 54. Qxe3 d4 55. Qxd4 Rc6 56. Bf3 Kb8 57. Bxc6 Kc7 58. Qd6+ Kb6 59. Bf2+ Ka5 60. Qa3# 1-0


[Site "https://www.chess.com"]

[Event "Titled Tuesday Blitz February 22 Early 2022"]
[White "Vokhidov, Shamsiddin"]
[Black "Lenderman, Aleksandr"]
[WhiteFideId "14204223"]
[BlackFideId "2021285"]
[WhiteElo "2611"]
[BlackElo "2651"]
[Result "1-0"]
[Round "04"]
[TimeControl "180+1"]
[Date "2022.02.22"]
[WhiteClock "0:00:31"]
[BlackClock "0:00:02"]

1. e4 e6 2. d4 d5 3. Nc3 dxe4 4. Nxe4 Nd7 5. Nf3 Ngf6 6. Bd3 c5 7. O-O Nxe4 8. Bxe4 Nf6 9. Bg5 cxd4 10. Nxd4 Be7 11. Bf3 O-O 12. Re1 Qa5 13. Bd2 Qb6 14. Nb3 Bb4 15. c3 Be7 16. Be3 Qc7 17. Bd4 Bd7 18. Be5 Qc8 19. Nd4 a6 20. Qb3 Ra7 21. a4 Ne8 22. Rad1 Bc5 23. Rd2 b6 24. Red1 f6 25. Bg3 Kh8 26. Qc4 e5 27. b4 Bxd4 28. Qxc8 Bxc8 29. cxd4 e4 30. Bxe4 f5 31. Bf3 f4 32. Bh4 h6 33. Bd8 b5 34. Bb6 Rd7 35. axb5 axb5 36. Bc6 Rd6 37. Bc5 Rxc6 38. Bxf8 Rc4 39. d5 Kg8 40. Bc5 Nf6 41. Rd4 f3 42. Rxc4 bxc4 43. gxf3 Bf5 44. Rc1 Bd3 45. d6 Nd7 46. Bd4 Kf7 47. Re1 Kf8 48. Re7 1-0


[Site "https://www.chess.com"]

[Event "Titled Tuesday Blitz February 22 Early 2022"]
[White "Volkov, Maksim"]
[Black "volunteers1998"]
[WhiteFideId "54123070"]
[WhiteElo "2081"]
[BlackElo "2266"]
[Result "1-0"]
[Round "04"]
[TimeControl "180+1"]
[Date "2022.02.22"]
[WhiteClock "0:00:14"]
[BlackClock "0:00:02"]

1. d4 f6 2. e4 e6 3. c4 Bb4+ 4. Nc3 Ne7 5. Be3 O-O 6. Bd3 d5 7. cxd5 exd5 8. Qb3 Bxc3+ 9. bxc3 Nbc6 10. Ne2 Kh8 11. O-O dxe4 12. Bxe4 Rb8 13. c4 Bd7 14. Rad1 Nf5 15. d5 Nxe3 16. Qxe3 Ne5 17. c5 Re8 18. Ng3 Qe7 19. Rfe1 Rbd8 20. d6 cxd6 21. cxd6 Qf7 22. Qxa7 Bg4 23. f3 Bc8 24. a4 Qc4 25. Qd4 Qxd4+ 26. Rxd4 Nc6 27. Rd2 f5 28. d7 Bxd7 29. Bxc6 Rxe1+ 30. Kf2 Re7 31. Nxf5 Rf7 32. Nd6 Rf6 33. Nxb7 Rb8 34. Bxd7 Rxb7 35. Bc6 Rb8 36. Bb5 Rff8 37. Rd5 Rfd8 38. Re5 Rd2+ 39. Kg3 Rdd8 40. a5 g6 41. a6 Ra8 42. Re6 Ra7 43. Rb6 1-0


[Site "https://www.chess.com"]

[Event "Titled Tuesday Blitz February 22 Early 2022"]
[White "Wachinger, Guenther"]
[Black "Erdogdu, Mert"]
[WhiteFideId "4604261"]
[BlackFideId "6301495"]
[WhiteElo "2522"]
[BlackElo "2755"]
[Result "0-1"]
[Round "04"]
[TimeControl "180+1"]
[Date "2022.02.22"]
[WhiteClock "0:00:49"]
[BlackClock "0:00:14"]

1. e4 c5 2. Nf3 d6 3. d4 cxd4 4. Nxd4 Nf6 5. Nc3 a6 6. Qf3 e6 7. g4 h6 8. h4 Nc6 9. Nxc6 bxc6 10. g5 hxg5 11. hxg5 Rxh1 12. Qxh1 Nd7 13. Be3 Rb8 14. O-O-O g6 15. Qh8 Qa5 16. Bc4 d5 17. Bb3 Qc7 18. exd5 cxd5 19. Bxd5 exd5 20. Nxd5 Qc6 21. Bf4 Rb5 22. Re1+ Kd8 23. Bc7+ Qxc7 24. Nxc7 Kxc7 25. Re8 Rxg5 26. Rxf8 Nxf8 27. Qxf8 Rf5 28. Qe7+ Bd7 29. Qe3 a5 30. c4 Bc6 31. a3 a4 32. Kc2 Rf3 33. Qe5+ Kd7 34. Qd4+ Kc7 35. c5 Kb7 36. Kd2 Rf5 37. Kc3 Rf3+ 38. Kb4 Rb3+ 39. Kc4 Bb5+ 40. Kd5 Rd3 41. Qxd3 Bxd3 42. Kd6 Be4 43. Ke7 f5 44. Kf6 f4 45. Ke5 Bf5 46. Kxf4 Kc6 47. Ke3 Kxc5 48. Kd2 Kc4 49. Kc1 Kb3 0-1


[Site "https://www.chess.com"]

[Event "Titled Tuesday Blitz February 22 Early 2022"]
[White "Weetik, Vjacheslav"]
[Black "Kozak, Alexander"]
[WhiteFideId "4153472"]
[BlackFideId "4135881"]
[WhiteElo "2469"]
[BlackElo "2251"]
[Result "1-0"]
[Round "04"]
[TimeControl "180+1"]
[Date "2022.02.22"]
[WhiteClock "0:00:05"]
[BlackClock "0:00:13"]

1. d4 g6 2. e4 Bg7 3. Nc3 d6 4. Nf3 Nd7 5. Bc4 e5 6. Bxf7+ Kxf7 7. Ng5+ Ke8 8. Ne6 Qe7 9. Nxc7+ Kd8 10. N3d5 Qf7 11. Nxa8 exd4 12. Bg5+ Ngf6 13. Nac7 h6 14. Bxf6+ Nxf6 15. O-O Nxe4 16. Qd3 Nc5 17. Qa3 Be6 18. Nxe6+ Qxe6 19. Nf4 Qf5 20. Nd3 a6 21. Rfe1 Kc8 22. Re2 Kb8 23. Rae1 Ka7 24. Nxc5 dxc5 25. Re7 Rf8 26. f3 Bf6 27. Rc7 Kb6 28. Rxc5 Qxc5 29. Re6+ Kb5 30. Qb3+ Qb4 31. Rb6+ Kxb6 32. Qxb4+ Kc6 33. Qxf8 Bg5 34. Qf7 Be3+ 35. Kf1 b6 36. Qxg6+ Kc5 37. Qd3 a5 38. a3 b5 39. Ke2 a4 40. g4 b4 41. Qf5+ Kc4 42. Qe6+ Kc5 43. axb4+ Kb5 44. Kd3 Kxb4 45. Qb6# 1-0


[Site "https://www.chess.com"]

[Event "Titled Tuesday Blitz February 22 Early 2022"]
[White "Winkels, Marcel"]
[Black "Serikbay, Assel"]
[WhiteFideId "1003887"]
[BlackFideId "13706799"]
[WhiteElo "1900"]
[BlackElo "2130"]
[Result "1-0"]
[Round "04"]
[TimeControl "180+1"]
[Date "2022.02.22"]
[WhiteClock "0:00:55"]
[BlackClock "0:00:13"]

1. e4 e6 2. d4 d5 3. Nc3 Nf6 4. Bg5 dxe4 5. Nxe4 Be7 6. Bxf6 Bxf6 7. Nf3 O-O 8. Nxf6+ Qxf6 9. Bd3 Nd7 10. O-O c5 11. Be4 Rb8 12. c3 b6 13. Qc2 g6 14. Rfe1 Qf4 15. Rad1 Qc7 16. d5 exd5 17. Bxd5 Nf6 18. Be4 Bg4 19. h3 Be6 20. Ng5 Rfe8 21. Nxe6 Rxe6 22. Bf3 Rbe8 23. Rxe6 Rxe6 24. Qd2 Kg7 25. g3 Qe7 26. Kg2 Ne8 27. Bd5 Rd6 28. c4 Qe5 29. Re1 Qf6 30. Rxe8 b5 31. b3 h5 32. Re3 h4 33. Qc3 Qxc3 34. Rxc3 hxg3 35. Kxg3 Kf6 36. Rf3+ Ke5 37. Rxf7 Kd4 38. Rxa7 bxc4 1-0


[Site "https://www.chess.com"]

[Event "Titled Tuesday Blitz February 22 Early 2022"]
[White "Xie, Bryan"]
[Black "Grunberg, Mihai-Lucian"]
[WhiteFideId "30941296"]
[BlackFideId "1204149"]
[WhiteElo "1899"]
[BlackElo "2364"]
[Result "0-1"]
[Round "04"]
[TimeControl "180+1"]
[Date "2022.02.22"]
[WhiteClock "0:00:01"]
[BlackClock "0:02:12"]

1. d4 f5 2. Nf3 Nf6 3. Bf4 g6 4. e3 Bg7 5. Nbd2 O-O 6. h3 c6 7. c3 Ne4 8. Be2 d5 9. O-O Nd7 10. Bh2 e6 11. Rc1 Qe7 12. Ne5 Nxe5 13. dxe5 Bd7 14. Nf3 g5 15. c4 g4 16. hxg4 fxg4 17. Nd4 g3 18. Bxg3 Nxg3 19. fxg3 Bxe5 20. cxd5 exd5 21. Bd3 Bxg3 22. Qe2 Qh4 23. Nf3 Rxf3 24. gxf3 Re8 25. e4 Kh8 26. Rc2 Rg8 27. Qg2 Bh2+ 28. Kh1 Rxg2 29. Rxg2 Bf4+ 30. Kg1 Be3+ 31. Rff2 Bh3 32. Kf1 Bxf2 0-1


[Site "https://www.chess.com"]